 Dungeon Crawl Stone Soup version 0.25.1-1-g288607f5aa (webtiles) character file.

Game seed: 6366227825543002384

31344 protoss039 the Eclecticist (level 13, -2/76 HPs)
             Began as a Deep Elf Earth Elementalist on July 24, 2020.
             Was a High Priest of Sif Muna.
             Hit by a javelin thrown by Urug (29 damage)
             ... on level 3 of the Lair of Beasts.
             The game lasted 01:30:20 (20735 turns).

protoss039 the Eclecticist (DEEE)                  Turns: 20735, Time: 01:30:20

Health: -2/76      AC: 12    Str:  5    XL:     13   Next: 25%
Magic:  0/35       EV: 12    Int: 26    God:    Sif Muna [*****.]
Gold:   3386       SH:  5    Dex: 15    Spells: 4/44 levels left

rFire    . . .     SeeInvis .   j - staff of energy
rCold    . . .     Gourm    .   h - +0 buckler
rNeg     . . .     Faith    .   y - +0 leather armour {rPois}
rPois    +         Spirit   .   p - +0 helmet
rElec    .         Reflect  .   (no cloak)
rCorr    +         Harm     .   R - +1 pair of gloves
MR       +....                  q - +0 pair of boots
Stlth    ++........             S - amulet of regeneration
HPRegen  0.62/turn              L - +4 ring of protection
MPRegen  0.24/turn              T - ring of resist corrosion

@: very slightly contaminated
A: no striking features
a: Channel Magic, Forget Spell, Divine Exegesis, Renounce Religion


You were on level 3 of the Lair of Beasts.
You worshipped Sif Muna.
Sif Muna was extremely pleased with you.
You were not hungry.

You visited 3 branches of the dungeon, and saw 19 of its levels.
You also visited: Sewer.

You collected 3386 gold pieces.

Inventory:

Missiles
 b - 148 stones (quivered)
Armour
 h - a +0 buckler (worn)
 n - a +1 leather armour of fire resistance
 p - a +0 helmet (worn)
 q - a +0 pair of boots (worn)
 y - a +0 leather armour of poison resistance (worn)
 I - +0 acid dragon scales
 R - a +1 pair of gloves (worn)
Magical Staves
 j - an uncursed staff of energy (weapon)
 z - an uncursed staff of wizardry
Jewellery
 l - an uncursed ring of protection from fire
 t - an uncursed ring of see invisible
 x - an uncursed ring of wizardry
 L - a +4 ring of protection (left hand)
 Q - an uncursed ring of protection from cold
 S - an amulet of regeneration (around neck)
 T - a ring of resist corrosion (right hand)
Wands
 m - a wand of iceblast (11)
 o - a wand of digging (3)
 D - a wand of polymorph (14)
 E - a wand of acid (19)
 G - a wand of paralysis (29)
 M - a wand of disintegration (10)
 N - a wand of clouds (10)
 P - a wand of flame (22)
Scrolls
 a - 9 scrolls of remove curse
 e - 2 scrolls of enchant armour {unknown}
 g - 2 scrolls of teleportation
 s - 2 scrolls of amnesia
 w - a scroll of fog
 A - 3 scrolls of magic mapping
 O - 2 scrolls of enchant weapon
Potions
 c - 2 potions of berserk rage {unknown}
 f - a potion of resistance {unknown}
 i - a potion of lignification {unknown}
 k - 6 potions of flight
 r - a potion of stabbing {unknown}
 u - 2 potions of cancellation
 v - 2 potions of mutation
 B - 2 potions of curing {unknown}
 C - a potion of haste
 F - a potion of degeneration {unknown}
 H - 3 potions of magic {unknown}
 J - 3 potions of might {unknown}
 K - 2 potions of ambrosia
Comestibles
 d - 25 rations
 U - 5 chunks of flesh


   Skills:
 + Level 7.2 Fighting
 - Level 4.0 Armour
 - Level 3.0 Dodging
 - Level 3.0 Stealth
 - Level 4.0 Shields
 - Level 16.0 Spellcasting
 - Level 8.0 Conjurations
 - Level 2.0 Hexes
 * Level 3.5 Transmutations
 * Level 2.8 Fire Magic
 - Level 12.0 Earth Magic
 + Level 7.4 Invocations


You had 4 spell levels left.
You knew the following spells:

 Your Spells              Type           Power        Failure   Level  Hunger
a - Sandblast             Erth           ######       1%          1    None
b - Passwall              Tmut/Erth      ######..     1%          2    None
c - Stone Arrow           Conj/Erth      ######       1%          3    None
d - Petrify               Tmut/Erth      ######..     1%          4    None
e - Lee's Rapid Deconstr  Erth           ######....   1%          5    None
f - Tukima's Dance        Hex            ####....     4%          3    None
g - Cause Fear            Hex            ####......   17%         4    None
h - Statue Form           Tmut/Erth      ######...    24%         6    None
i - Orb of Destruction    Conj           ######....   77%         7    None
j - Bolt of Magma         Conj/Fire/Erth ######....   4%          5    None

Your spell library contained the following spells:

 Spells                   Type           Power        Failure   Level  Hunger
 Magic Dart               Conj           ####         1%          1    None
 Shock                    Conj/Air       ####         1%          1    None
 Apportation              Tloc           ###...       3%          1    None
 Pain                     Necr           ###.         3%          1    None
 Summon Butterflies       Summ           ###.....     3%          1    None
 Sticky Flame             Conj/Fire      #####...     4%          4    None
 Call Canine Familiar     Summ           ###.....     12%         3    None
 Lesser Beckoning         Tloc           ###.......   12%         3    None
 Recall                   Summ/Tloc      N/A          12%         3    None
 Lightning Bolt           Conj/Air       #####.....   21%         5    None
 Yara's Violent Unravell  Hex/Tmut       #####.....   34%         5    None
 Alistair's Intoxication  Tmut/Pois      ####....     45%         5    None
 Silence                  Hex/Air        ####......   56%         5    None
 Summon Demon             Summ           ###.......   71%         5    None
 Conjure Ball Lightning   Conj/Air       #####.....   75%         6    None
 Freezing Cloud           Conj/Ice/Air   ####......   90%         6    None
 Invisibility             Hex            ####....     95%         6    None
 Death Channel            Necr           ###.......   99%         6    None
 Shadow Creatures         Summ           N/A          99%         6    None
 Discord                  Hex            ####......   100%        8    None
 Fire Storm               Conj/Fire      #####.....   100%        9    None
 Shatter                  Erth           ######....   100%        9    None
 Tornado                  Air            ###.......   100%        9    None


Dungeon Overview and Level Annotations

Branches:
Dungeon (15/15)            Temple (1/1) D:7            Lair (3/6) D:11
  Swamp (0/4) Lair:2          Orc (0/2) D:9          Depths (0/5) D:15
  Sewer (visited)
  Snake: Lair:2-4    Spider: Lair:2-4    Vaults: D:13-14

Altars:
Ashenzari
Cheibriados
Dithmenos
Elyvilon
Fedhas
Gozag
Hepliaklqana
Kikubaaqudgha
Makhleb
Nemelex Xobeh
Okawaru
Qazlal
Ru
Sif Muna
Trog
Uskayaw
Vehumet
Wu Jian
Xom
Yredelemnul
Zin
The Shining One

Shops:
D:12 }

Annotations:
D:3 Grinder
D:11 1 exclusion
D:12 1 exclusion
D:13 Jorgrun
Lair:3 Urug


Message History

Here: Urug, wielding a +3 long sword of flaming, wearing a +2 chain mail of positive energy and quivering 2 javelins (severely wounded)
The floor, spattered with blood.
Urug throws a javelin.
The javelin closely misses you.
You hear a splash.
Okay, then.
As you read the scroll of fog, it crumbles to dust.
The scroll dissolves into smoke.
Unknown command.
Unknown command.
Unknown command.
Unknown command.
Unknown command.
Casting: Sandblast (safe; 1% risk of failure)
Confirm with . or Enter, or press ? or * to list all spells.
Aiming: Stone Arrow (safe; 1% risk of failure)
Press: ? - help, Shift-Dir - straight line, f/p - Urug
Aim: Urug, wielding a +3 long sword of flaming, wearing a +2 chain mail of positive energy and quivering a javelin (grey smoke, severely wounded)
The stone arrow misses Urug.
Urug throws a javelin.
The javelin pierces through you!!
You die...

# ###........##
P#.#####.#.P......#
.%................##
......o....#..#....#
#...#.#..#...## .
###§#§...#....# ...
###§§P..'...P#
.....####§§P§...#...##
.......@§o§§§...#...#
....≈.§§§§§≈§..####.#
≈≈.≈≈≈§≈§§§≈≈≈≈≈≈##.#
≈≈≈.≈≈§§§≈≈≈≈≈≈≈≈≈#.P
..≈...≈........##≈####
..≈.≈≈..≈≈......#≈≈#
#.#≈≈≈.≈...≈≈#.## ##
###≈≈#≈#..#≈#### #####


You could see Urug.

Vanquished Creatures
  A fire dragon (D:11)
  A hydra (D:11)
  Fannar (Lair:3)
  A centaur warrior (D:14)
  4 two-headed ogres
  A tengu warrior (D:12)
  Sonja (D:12)
  An unseen horror (D:10)
  A harpy (shapeshifter) (D:11)
  A deep elf mage (D:15)
  5 ugly things
  2 cyclopes
  A manticore (D:11)
  A black mamba (Lair:3)
  2 spiny frogs (Lair:2)
  Maggie (D:6)
  2 rime drakes (Lair:2)
  4 komodo dragons
  A tengu conjurer (D:12)
  2 tyrant leeches (Lair:2)
  3 trolls
  2 slime creatures (D:14)
  A hornet (D:14)
  A polar bear (Lair:2)
  7 hippogriffs
  A spriggan (D:7)
  2 vampires
  2 wraiths
  22 yaks
  A wyvern (D:10)
  Menkaure (D:7)
  2 hungry ghosts
  A swamp worm (Lair:2)
  Edmund (D:5)
  4 water moccasins
  5 porcupines
  A hornet zombie (D:14)
  3 sky beasts
  6 ice beasts
  6 orc warriors
  10 ogres
  4 phantoms
  3 black bears
  2 eyes of draining
  12 centaurs
  5 crocodiles
  A big kobold (D:8)
  10 bullfrogs
  A wyvern skeleton (D:12)
  4 scorpions
  6 killer bees (D:11)
  4 wights (D:12)
  6 electric eels
  A howler monkey (D:9)
  4 crimson imps
  2 centaur zombies
  5 hounds
  3 jellies (D:15)
  4 bullfrog skeletons
  A centaur skeleton (D:12)
  A gnoll shaman (D:4)
  7 orc priests
  13 orc wizards
  5 iguanas
  Ijyb (D:3)
  Terence (D:2)
  14 worker ants
  A killer bee zombie (D:8)
  5 ogre zombies (D:9)
  2 hound zombies
  A hound skeleton (D:6)
  3 worker ant zombies
  Robin (D:2)
  4 gnolls (D:4)
  7 adders
  A shadow imp (D:12)
  2 worms
  A dart slug (D:2)
  9 leopard geckos
  40 orcs
  4 giant cockroaches
  12 goblins
  13 hobgoblins
  12 jackals
  9 kobolds
  2 quokkas
  2 ball pythons
  9 bats
  6 frilled lizards
  A giant cockroach zombie (D:6)
  A goblin skeleton (D:9)
  3 goblin zombies (D:9)
  A hobgoblin zombie (D:9)
  An orc skeleton (D:9)
  11 orc zombies (D:9)
  6 rats
  A fungus (Lair:3)
407 creatures vanquished.

Vanquished Creatures (others)
  8 plants
8 creatures vanquished.

Grand Total: 415 creatures vanquished

Notes
Turn   | Place    | Note
-------+----------+-------------------------------------------
     0 | D:1      | protoss039 the Deep Elf Earth Elementalist began the quest
                  | for the Orb.
     0 | D:1      | Reached XP level 1. HP: 10/10 MP: 6/6
   173 | D:1      | Reached XP level 2. HP: 15/15 MP: 6/8
   864 | D:2      | Noticed Robin
  1115 | D:2      | Reached XP level 3. HP: 19/19 MP: 7/10
  1155 | D:2      | Killed Robin
  1248 | D:2      | Noticed Terence
  1291 | D:1      | Learned a level 2 spell: Passwall
  1295 | D:1      | Learned a level 3 spell: Stone Arrow
  1403 | D:2      | Killed Terence
  1403 | D:2      | Reached skill level 4 in Spellcasting
  1403 | D:2      | Reached XP level 4. HP: 24/24 MP: 6/12
  1838 | D:2      | Reached skill level 1 in Armour
  2086 | D:3      | Noticed Ijyb
  2112 | D:3      | Killed Ijyb
  2112 | D:3      | Reached skill level 5 in Spellcasting
  2387 | D:3      | Noticed Grinder
  2982 | D:4      | Reached XP level 5. HP: 26/28 MP: 14/14
  3238 | D:4      | Reached skill level 6 in Spellcasting
  3319 | D:4      | Reached XP level 6. HP: 26/32 MP: 13/17
  3426 | D:4      | Found a glowing drain.
  3477 | Sewer    | Entered a sewer
  3668 | D:4      | Got a heavily runed turquoise ring
  3673 | D:4      | Identified the ring of Zomuots {*Slow EV+4 Int+4} (You
                  | found it on level 4 of the Dungeon)
  3876 | D:4      | Reached XP level 7. HP: 36/36 MP: 10/18
  4071 | D:4      | Reached skill level 7 in Spellcasting
  4698 | D:4      | Learned a level 4 spell: Petrify
  4704 | D:4      | Learned a level 5 spell: Lee's Rapid Deconstruction
  4707 | D:5      | Entered Level 5 of the Dungeon
  4848 | D:5      | Reached skill level 8 in Spellcasting
  5039 | D:5      | Reached skill level 5 in Earth Magic
  5039 | D:5      | Reached XP level 8. HP: 41/41 MP: 14/22
  5107 | D:5      | Found a glowing silver altar of Zin.
  5108 | D:5      | Noticed an angel
  5621 | D:5      | Noticed Edmund
  5637 | D:5      | Killed Edmund
  5637 | D:5      | Reached skill level 9 in Spellcasting
  5914 | D:6      | Found an opulent altar of Gozag.
  5914 | D:6      | Found a stormy altar of Qazlal.
  5915 | D:6      | Found a glowing golden altar of the Shining One.
  6766 | D:6      | Reached skill level 1 in Shields
  7230 | D:6      | Noticed Maggie
  7251 | D:6      | Killed Maggie
  7251 | D:6      | Reached skill level 10 in Spellcasting
  7251 | D:6      | Reached XP level 9. HP: 45/45 MP: 2/25
  8085 | D:7      | Found a staircase to the Ecumenical Temple.
  8098 | Temple   | Entered the Ecumenical Temple
  8122 | Temple   | Became a worshipper of Sif Muna the Loreminder
  8291 | D:7      | Noticed Menkaure
  8398 | D:7      | Killed Menkaure
  8398 | D:7      | Reached skill level 5 in Conjurations
  8931 | D:7      | Reached skill level 11 in Spellcasting
  9165 | D:8      | Noticed a two-headed ogre
  9173 | D:8      | Killed a two-headed ogre
  9566 | D:8      | Reached XP level 10. HP: 50/50 MP: 18/27
  9881 | D:8      | Reached * piety under Sif Muna
 10247 | D:8      | Identified a scroll of acquirement
 10256 | D:8      | Acquired 2490 gold pieces
 10995 | D:9      | Found a staircase to the Orcish Mines.
 10998 | D:9      | Reached skill level 12 in Spellcasting
 11044 | D:9      | Reached ** piety under Sif Muna
 11715 | D:10     | Entered Level 10 of the Dungeon
 11899 | D:10     | Reached skill level 1 in Invocations
 11995 | D:10     | Noticed an unseen horror
 11998 | D:10     | Killed an unseen horror
 12419 | D:10     | Noticed a two-headed ogre
 12428 | D:10     | Killed a two-headed ogre
 12428 | D:10     | Reached skill level 13 in Spellcasting
 12832 | D:11     | You fall into a shaft and drop 3 floors!
 12838 | D:14     | Noticed a two-headed ogre
 13147 | D:14     | Killed a two-headed ogre
 13147 | D:14     | Reached XP level 11. HP: 54/54 MP: 2/30
 13307 | D:14     | Noticed a centaur warrior
 13318 | D:14     | Killed a centaur warrior
 13479 | D:14     | Noticed a four-headed hydra
 13587 | D:13     | Noticed an unseen horror
 13587 | D:13     | Noticed a brown ugly thing
 13602 | D:12     | Reached skill level 10 in Earth Magic
 13723 | D:11     | Noticed a two-headed ogre
 13725 | D:11     | Reached *** piety under Sif Muna
 13727 | D:11     | Killed a two-headed ogre
 13727 | D:11     | Reached skill level 14 in Spellcasting
 13790 | D:11     | Noticed a fire dragon
 13963 | D:11     | Noticed a cyan ugly thing
 13978 | D:11     | Identified the Incunabulum of Companions
 13982 | D:11     | Identified Routho's Papyrus of Dark Air
 13985 | D:11     | Identified the Catalogue of Gliding Heat
 14028 | D:11     | Got a warped hand crossbow
 14029 | D:11     | Identified the +2 hand crossbow of the Silent Majority
                  | {elec, rF+} (You found it on level 11 of the Dungeon)
 14053 | D:11     | Noticed a harpy
 14056 | D:11     | Killed a harpy
 14216 | D:11     | Noticed a five-headed hydra
 14224 | D:11     | Noticed a brown ugly thing
 14383 | D:11     | Found a staircase to the Lair.
 14619 | D:11     | Killed a five-headed hydra
 14619 | D:11     | Reached skill level 15 in Spellcasting
 14782 | D:11     | Killed a brown ugly thing
 14964 | D:11     | Reached **** piety under Sif Muna
 15200 | D:11     | Killed a fire dragon
 15200 | D:11     | Reached skill level 1 in Fighting
 15200 | D:11     | Reached XP level 12. HP: 54/60 MP: 22/33
 16342 | D:12     | Found Sisheig's Gadget Shop.
 16388 | D:12     | Noticed Sonja
 16393 | D:12     | Killed Sonja
 16403 | D:12     | Reached skill level 16 in Spellcasting
 16407 | D:12     | Reached skill level 5 in Invocations
 16832 | D:12     | Noticed a tengu warrior
 17023 | D:12     | You fall into a shaft and drop 3 floors!
 17023 | D:15     | Entered Level 15 of the Dungeon
 17144 | D:15     | HP: 3/66 [phantasmal warrior[a death knight] (29)]
 17181 | D:15     | Noticed a tengu warrior
 17803 | D:12     | Killed a tengu warrior
 17924 | D:13     | Reached skill level 5 in Fighting
 17929 | D:13     | Noticed Jorgrun
 18004 | Lair:1   | Entered Level 1 of the Lair of Beasts
 18051 | Lair:1   | Learned a level 3 spell: Tukima's Dance
 18056 | Lair:1   | Learned a level 4 spell: Cause Fear
 18071 | Lair:1   | Got a tattered robe
 18082 | Lair:1   | Identified the cursed +1 robe of Evolution {Harm MR+} (You
                  | found it on level 1 of the Lair of Beasts)
 19183 | Lair:2   | Reached skill level 1 in Hexes
 19183 | Lair:2   | Reached XP level 13. HP: 76/76 MP: 29/35
 19337 | Lair:2   | Reached ***** piety under Sif Muna
 19440 | Lair:2   | Identified Ginul's Guide on Damaging Clay (Sif Muna gifted
                  | it to you on level 2 of the Lair of Beasts)
 19440 | Lair:2   | Received a gift from Sif Muna
 19467 | Lair:2   | Learned a level 6 spell: Statue Form
 19475 | Lair:2   | Learned a level 7 spell: Orb of Destruction
 19481 | Lair:2   | Learned a level 5 spell: Bolt of Magma
 20166 | Lair:2   | Found a staircase to the Swamp.
 20317 | Lair:3   | Noticed Fannar
 20326 | Lair:3   | Killed Fannar
 20326 | Lair:3   | Reached skill level 1 in Fire Magic
 20719 | Lair:3   | Noticed Urug
 20735 | Lair:3   | Hit by a javelin thrown by Urug

Illustrated notes

Levels and vault maps discovered:
D:1:      mrwooster_arrival_arrow, layout_rooms
D:2:      layout_loops_ring, first_ration, uniq_robin, uniq_terence
D:3:      layout_loops_ring, minmay_liquid_box, uniq_grinder, uniq_ijyb
D:4:      minmay_evil_eye, layout_loops_corners, cheibrodos_sewer_entry_drain
D:5:      layout_layer_cave, zin_angel, uniq_edmund
D:6:      layout_loops_corners, chequers_temple_overflow_statue_of_worship,
          chequers_big_river, serial_bayou_lagoon_a, uniq_maggie
D:7:      layout_basic, minmay_temple_entry_hall, the_bakery, uniq_menkaure
D:8:      layout_layer_cave
D:9:      layout_roguey, zombieorc1_lemuel
D:10:     layout_basic
D:11:     minmay_the_grid_triangle_9x9_recursive_2
          [minmay_the_grid_triangle_9x9_prize_schism,
          minmay_the_grid_triangle_9x9_windchime,
          minmay_the_grid_triangle_9x9_thin_v,
          minmay_the_grid_triangle_9x9_pentomino_pain], layout_basic,
          dpeg_oklobed_lair
D:12:     layout_basic, serial_shops, nicolae_shop_stone, uniq_sonja
D:13:     layout_loops_ring, david_vaults_5, uniq_jorgrun
D:14:     layout_irregular_city, skrybe_limestone_x
D:15:     grunt_enter_depths_snipers, layout_rooms, okawaru_ov_weapons_minmay,
          basic_altar, hangedman_feature_mirror
Temple:   regret_index_temple_mists
Lair:1:   layout_roguey, lemuel_fruit_fields
Lair:2:   layout_cave_pods, minmay_swamp_entry_worms
Lair:3:   layout_chaotic_city, chequers_serial_rivers_small_3, uniq_urug,
          uniq_fannar

Skill      XL: |  1  2  3  4  5  6  7  8  9 10 11 12 13 |
---------------+----------------------------------------+-----
Earth Magic    | 4 5 6 7 9 11 12 | 12.0
Stealth        | 3 |  3.0
Dodging        | 3 |  3.0
Spellcasting   | 4 5 6 8 10 11 13 15 16 | 16.0
Armour         | 1 2 4 |  4.0
Conjurations   | 2 4 6 7 8 |  8.0
Shields        | 2 3 4 |  4.0
Invocations    | 3 4 7 |  7.4
Transmutations | 2 3 |  3.5
Fighting       | 1 6 7 |  7.2
Hexes          | 1 2 |  2.0
Fire Magic     | 2 |  2.8

Action                   |  1- 3 |  4- 6 |  7- 9 | 10-12 | 13-15 || total
-------------------------+-------+-------+-------+-------+-------++-------
Melee: Unarmed           |     4 |       |       |       |       ||     4
       Dagger            |    16 |       |       |       |       ||    16
       Short sword       |       |   104 |       |       |       ||   104
       Whip              |       |     5 |     5 |     4 |       ||    14
       Staff             |       |       |     1 |    13 |       ||    14
 Cast: Sandblast         |    43 |    66 |    13 |   120 |    13 ||   255
       Stone Arrow       |       |     4 |   123 |   222 |    29 ||   378
       Lee's Rapid Decon |       |       |     3 |    87 |    12 ||   102
       Petrify           |       |       |     1 |    27 |     2 ||    30
       Bolt of Magma     |       |       |       |       |     6 ||     6
Invok: Channel Magic     |       |       |       |     1 |       ||     1
Evoke: Wand              |       |       |     9 |    20 |       ||    29
  Use: Scroll            |       |     5 |     6 |    19 |     1 ||    31
       Potion            |       |     3 |     1 |     4 |       ||     8
 Stab: Sleeping          |     4 |     9 |       |       |       ||    13
       Paralysed         |       |       |     2 |       |       ||     2
  Eat: Chunk             |     1 |     8 |    11 |    29 |     2 ||    51
       Ration            |       |       |     2 |       |     1 ||     3
Armor: Robe              |     4 |       |       |       |       ||     4
       Leather armour    |     4 |    36 |     4 |    33 |     4 ||    81
Dodge: Dodged            |    25 |    77 |    32 |    96 |     8 ||   238
Block: Buckler           |     1 |    22 |     6 |    37 |     7 ||    73
